 Dungeon Crawl Stone Soup version 0.28.0-49-g6dfe1f597d (webtiles) character file.

Game seed: 6630679033281875020

1180 Zeld the Chiller (level 8, -1/66 HPs)
             Began as a Ghoul Ice Elementalist on May 12, 2022.
             Was an Initiate of Gozag.
             Killed from afar by Pikel (20 damage)
             ... with a bolt of acid
             ... on level 5 of the Dungeon.
             The game lasted 00:12:56 (7845 turns).

Zeld the Chiller (Ghoul Ice Elementalist)           Turns: 7845, Time: 00:12:56

Health: -1/66      AC:  6    Str: 12    XL:     8   Next: 42%
Magic:  6/13       EV: 12    Int: 15    God:    Gozag
Gold:   138        SH:  0    Dex:  9    Spells: 5/16 levels left

rFire   . . .      SeeInvis +   (no weapon)
rCold   + . .      Faith    .   (no shield)
rNeg    + + +      Spirit   .   c - +0 robe
rPois   ∞          Reflect  .   e - +2 helmet {Int+3}
rElec   .          Harm     .   q - +0 cloak
rCorr   .          Rampage  .   (no gloves)
Will    .....                   (no boots)
Stlth   ++........              (no amulet)
HPRegen 0.00/turn               a - ring of see invisible
MPRegen 0.13/turn               (no ring)

@: freezing walls, inhibited regen
A: claws 1, cold resistance 1, negative energy resistance 3, inhibited
regeneration, torment resistance 2
a: Renounce Religion, Potion Petition, Call Merchant, Bribe Branch


You were on level 5 of the Dungeon.
You worshipped Gozag.
Gozag was aware of your devotion.
You visited 2 branches of the dungeon, and saw 6 of its levels.
You also visited: Ossuary.

You collected 232 gold pieces.
You paid 94 gold pieces to Gozag.

Inventory:

Armour
 c - a +0 robe (worn)
 e - a +2 helmet of intelligence (worn)
 q - a +0 cloak (worn)
Jewellery
 a - a ring of see invisible (left claw)
Scrolls
 b - 2 scrolls of fear {unknown}
 f - 6 scrolls of identify {unknown}
 h - a scroll of enchant weapon {unknown}
 k - a scroll of vulnerability {unknown}
 l - a scroll of magic mapping {unknown}
 m - 2 scrolls of fog {unknown}
 p - 4 scrolls of teleportation {unknown}
 w - a scroll of amnesia {unknown}
Potions
 d - a potion of invisibility {unknown}
 g - 4 potions of heal wounds {unknown}
 i - a potion of brilliance {unknown}
 j - a potion of might {unknown}
 o - a potion of resistance
 s - 2 potions of attraction {unknown}
 t - 3 potions of mutation {unknown}
 u - a potion of degeneration {unknown}
 v - a potion of curing {unknown}
 x - 2 potions of lignification {unknown}
 z - 2 potions of cancellation {unknown}


   Skills:
 + Level 3.6 Fighting
 + Level 3.7 Dodging
 + Level 4.8 Stealth
 * Level 4.6 Spellcasting
 * Level 7.3 Ice Magic


You had 5 spell levels left.
You knew the following spells:

 Your Spells              Type           Power      Damage    Failure   Level
a - Freeze                Ice            100%       1d11      1%          1
b - Frozen Ramparts       Ice            50%        1d7       2%          3
c - Ozocubu's Armour      Ice            25%        N/A       2%          3
d - Hailstorm             Conj/Ice       14%        3d5       36%         4

Your spell library contained the following spells:

 Spells                   Type           Power      Damage    Failure   Level


Dungeon Overview and Level Annotations

Branches:
Dungeon (5/15)             Temple (1/1) D:5         Ossuary (visited)

Altars:
Dithmenos
Elyvilon
Fedhas
Gozag
Kikubaaqudgha
Nemelex Xobeh
Okawaru
Qazlal
Sif Muna
Trog
Vehumet
Wu Jian
Zin
The Shining One

Shops:
D:2 :   D:3 =

Annotations:
D:2 Sigmund
D:3 exclusion: ice beast
D:4 1 runed translucent door, Crazy Yiuf
D:5 Pikel


Innate Abilities, Weirdness & Mutations

You thrive by killing the living.
You are immune to poison.
You have sharp fingernails.
Your flesh is cold resistant. (rC+)
You are immune to negative energy. (rN+++)
You do not regenerate when monsters are visible.
You are immune to unholy pain and torment.


Message History

The wall freezes the lemure. x2; The lemure hits you.
* * * LOW HITPOINT WARNING * * *
Pikel resists.
The wall freezes Pikel.
Unknown command.
The wall freezes the lemure.
The lemure is distracted by your dazzling golden aura.
The wall freezes the lemure.
You kill the lemure!
That felt strangely unrewarding.
Pikel resists.
The wall freezes Pikel.
Casting: Frozen Ramparts (dangerous; 2% risk of failure)
Confirm with . or Enter, or press ? or * to list all spells.
Aiming: Freeze (safe; 1% risk of failure)
Press: ? - help, Shift-Dir - straight line, f - Pikel
Aim: Pikel, wielding a +0 whip of flaming, wearing a +0 robe and carrying a wand of acid (13) (heavily wounded, unusually resistant)
You freeze Pikel.
Pikel resists.
Pikel is severely wounded.
The lemure shouts!
The lemure is no longer distracted by gold.
The wall freezes the lemure.
Pikel resists.
The wall freezes Pikel.
Pikel zaps a wand.
The bolt of acid misses you.
Casting: Freeze (safe; 1% risk of failure)
Confirm with . or Enter, or press ? or * to list all spells.
Aiming: Freeze (safe; 1% risk of failure)
Press: ? - help, Shift-Dir - straight line, f/p - Pikel
Aim: Pikel, wielding a +0 whip of flaming, wearing a +0 robe and carrying a wand of acid (12) (severely wounded, unusually resistant)
You freeze Pikel.
Pikel resists.
Pikel is severely wounded.
The wall freezes the lemure.
Pikel resists.
The wall freezes Pikel.
Pikel barely misses you.
Casting: Freeze (safe; 1% risk of failure)
Confirm with . or Enter, or press ? or * to list all spells.
Aiming: Freeze (safe; 1% risk of failure)
Press: ? - help, Shift-Dir - straight line, f/p - Pikel
Aim: Pikel, wielding a +0 whip of flaming, wearing a +0 robe and carrying a wand of acid (12) (severely wounded, unusually resistant)
You freeze Pikel.
Pikel resists.
Pikel is almost dead.
The wall freezes the lemure.
Pikel resists.
The wall freezes Pikel.
Pikel zaps a wand.
The bolt of acid hits you!!
You die...
Your body crumbles into a pile of gold.

... #.[.).#.........
...#####.>[#####...... .
......#.....#......... ..
.....#...#[..#........
... #....###...........
.... ##..#.#.#..#.......
..... ##...#.).......#..
.....$###...#....#)...###
......5K@..........#..#
....#####........##...# #
#......... ....
..######.. ..... .### .


You could see Pikel (resistant) and a lemure.

Vanquished Creatures
  3 lemures (D:5)
  7 scorpions (Ossuary)
  A howler monkey (D:4)
  3 centaur zombies (Ossuary)
  A hound (Temple)
  An orc priest (D:3)
  3 human zombies (Ossuary)
  An iguana (D:4)
  2 orc wizards
  6 scorpion zombies (Ossuary)
  A hound skeleton (D:5)
  3 mummies (Ossuary)
  4 adders
  4 gnolls (D:4)
  2 river rats (D:4)
  A white imp (Temple)
  An adder skeleton (D:4)
  2 worms
  2 dart slugs
  7 orcs
  9 ball pythons
  5 bats
  7 endoplasms
  A giant cockroach (D:3)
  4 gnoll zombies (Ossuary)
  8 goblins
  5 hobgoblins
  5 jackals
  5 kobolds
  4 quokkas
  3 frilled lizards
  3 goblin zombies (Ossuary)
  A hobgoblin zombie (Ossuary)
  2 kobold zombies (Ossuary)
  2 orc zombies (Ossuary)
  5 rats
124 creatures vanquished.

Vanquished Creatures (others)
  6 fungi (D:3)
  4 toadstools (D:3)
10 creatures vanquished.

Grand Total: 134 creatures vanquished

Notes
Turn   | Place    | Note
-------+----------+-------------------------------------------
     0 | D:1      | Zeld the Ghoul Ice Elementalist began the quest for the
                  | Orb.
     0 | D:1      | Reached XP level 1. HP: 14/14 MP: 2/2
   182 | D:1      | Reached XP level 2. HP: 22/22 MP: 0/3
  1181 | D:1      | Reached XP level 3. HP: 25/27 MP: 1/5
  1185 | D:1      | Learned a level 3 spell: Frozen Ramparts
  1603 | D:2      | Noticed Sigmund
  1611 | D:2      | Found Jepsuo's Book Shoppe.
  1813 | D:2      | Reached skill level 1 in Fighting
  2048 | D:2      | Reached XP level 4. HP: 35/35 MP: 3/6
  2049 | D:2      | Reached skill level 5 in Ice Magic
  2053 | D:2      | Learned a level 3 spell: Ozocubu's Armour
  2231 | D:3      | Found a faded altar of an unknown god.
  2321 | D:3      | Found a shadowy altar of Dithmenos.
  3418 | D:3      | Reached XP level 5. HP: 29/40 MP: 3/8
  3509 | D:3      | Found Kampiycusm's One-of-a-Kind Rings.
  3627 | D:3      | Noticed an ice beast
  3805 | D:4      | Found a sand-covered staircase.
  3816 | Ossuary  | Entered an ossuary
  3878 | Ossuary  | Reached XP level 6. HP: 33/48 MP: 6/9
  4552 | Ossuary  | Reached skill level 6 in Ice Magic
  4554 | Ossuary  | Reached XP level 7. HP: 45/56 MP: 0/11
  5834 | Ossuary  | Reached XP level 8. HP: 59/63 MP: 7/13
  6326 | D:4      | Reached skill level 7 in Ice Magic
  6451 | D:4      | Learned a level 4 spell: Hailstorm
  6796 | D:4      | Found a runed translucent door.
  6797 | D:4      | Noticed Crazy Yiuf
  7278 | D:5      | Entered Level 5 of the Dungeon
  7285 | D:5      | Found a staircase to the Ecumenical Temple.
  7292 | Temple   | Entered the Ecumenical Temple
  7529 | Temple   | Became a worshipper of Gozag Ym Sagoz the Greedy
  7819 | D:5      | Noticed Pikel
  7845 | D:5      | Killed from afar by Pikel

Illustrated notes

Levels and vault maps discovered:
D:1:      elethiomel_arrival_infinity_welcomes_careful_drivers,
          layout_loops_ring, minmay_ruptured
D:2:      layout_rooms, serial_shops, shop_statue, uniq_sigmund
D:3:      layout_rooms, good_gods_mini_temple, mainiacjoe_overflow_24_doors,
          serial_co_window_serial, co_window_paths_b, co_window_corner_a,
          co_window_paths_a, co_window_corner_a, co_window_paths_a,
          co_window_paths_c, co_window_cross_3, co_window_of_opportunity_c,
          co_window_of_opportunity_b, co_window_corner_ca, co_window_paths_e,
          glass_columns_b, glass_columns_a, chequers_ecumenical_altar_twisty,
          minmay_gold_behind_fungi, minivault_14, nicolae_shop_unique_rings
D:4:      layout_cave_pools, portal_sewer_entry_a,
          lightli_ossuary_entry_decrepit_ruins, uniq_crazy_yiuf_cottage
D:5:      layout_rooms, minmay_temple_entry_arrows, uniq_pikel
Temple:   dpeg_chambers_temple

Skill      XL: |  1  2  3  4  5  6  7  8 |
---------------+-------------------------+-----
Spellcasting   | 2 3 4 |  4.6
Dodging        | 2 3 |  3.7
Fighting       | 1 2 3 |  3.6
Ice Magic      | 5 6 7 |  7.3
Stealth        | 3 4 |  4.8

Action                   |  1- 3 |  4- 6 |  7- 9 || total
-------------------------+-------+-------+-------++-------
Melee: Unarmed           |    18 |    16 |    45 ||    79
       Dagger            |    14 |       |       ||    14
       Club              |     7 |       |       ||     7
       Hand axe          |       |    87 |   197 ||   284
       Punch             |       |     2 |     6 ||     8
 Cast: Freeze            |    49 |    39 |    45 ||   133
       Frozen Ramparts   |       |     3 |    15 ||    18
       Ozocubu's Armour  |       |     1 |     3 ||     4
 Stab: Sleeping          |       |     1 |     1 ||     2
Armor: Robe              |    22 |    41 |   129 ||   192
Dodge: Dodged            |    59 |    80 |   222 ||   361
